 Dungeon Crawl Stone Soup version 0.29-a0-1043-g569b05d6ff (webtiles) character file.

Game seed: 7845137840436480434

26 voltaire321 the Stinger (level 3, 0/22 HPs)
             Began as an Octopode Venom Mage on Aug 16, 2022.
             Slain by a phantom (5 damage)
             ... on level 2 of the Dungeon.
             The game lasted 00:02:56 (1161 turns).

voltaire321 the Stinger (Octopode Venom Mage)       Turns: 1161, Time: 00:02:56

Health: 0/22       AC:  1    Str:  7    XL:     3   Next: 8%
Magic:  6/6        EV: 13    Int: 19    God:
Gold:   58         SH:  0    Dex: 12    Spells: 3/6 levels left

rFire   + . .      SeeInvis .   b - +0 short sword
rCold   . . .      Faith    .   (no shield)
rNeg    . . .      Spirit   .   (helmet restricted)
rPois   .          Reflect  .   (no amulet)
rElec   .          Harm     .   i - ring of protection from fire
rCorr   .          Rampage  .   (no ring)
Will    .....                   (no ring)
Stlth   +++.......              (no ring)
HPRegen 0.07/turn               (no ring)
MPRegen 0.10/turn               (no ring)
                                (no ring)
                                (no ring)

@: no status effects
A: almost no armour, amphibious, 8 rings, camouflage 1, gelatinous body 1,
(nimble swimmer 1), tentacles
a: no special abilities


You were on level 2 of the Dungeon.
You visited 1 branch of the dungeon, and saw 2 of its levels.

You collected 58 gold pieces.

Inventory:

Hand Weapons
 b - a +0 short sword (weapon)
Missiles
 g - 3 poisoned darts
Jewellery
 i - a ring of protection from fire (left tentacle)
Scrolls
 c - a scroll of amnesia {unknown}
 d - a scroll of identify {unknown}
 h - a scroll of magic mapping {unknown}
Potions
 a - a potion of magic
 e - a potion of curing {unknown}
 f - a potion of heal wounds {unknown}


   Skills:
 + Level 0.5 Fighting
 + Level 2.2 Dodging
 + Level 3.1 Stealth
 + Level 2.2 Spellcasting
 + Level 1.3 Transmutations
 + Level 0.4 Air Magic
 + Level 3.9 Poison Magic


You had 3 spell levels left.
You knew the following spells:

 Your Spells              Type           Power      Damage    Failure   Level
a - Sting                 Tmut/Pois      48%        1d5       5%          1
b - Poisonous Vapours     Pois/Air       20%        N/A       10%         2

Your spell library contained the following spells:

 Spells                   Type           Power      Damage    Failure   Level
 Mephitic Cloud           Conj/Pois/Air  7%         N/A       26%         3
 Olgreb's Toxic Radiance  Pois           17%        N/A       32%         4


Dungeon Overview and Level Annotations

Branches:
Dungeon (2/15)

Altars:


Innate Abilities, Weirdness & Mutations

You cannot wear most types of armour.
You are amphibious.
You can wear up to eight rings at the same time.
Your skin changes colour to match your surroundings (Stealth+).
Your rubbery body absorbs attacks. (AC +1, EV +1)
((You are camouflaged when in or above water. (Stealth+)))
You have tentacles for arms and can constrict up to eight enemies at once.


Message History

The hobgoblin shouts!
The hobgoblin closely misses you.
You hit the hobgoblin. You grab the hobgoblin.
The hobgoblin is severely wounded.
You constrict the hobgoblin. The hobgoblin barely misses you.
You hit the hobgoblin.
You kill the hobgoblin!
You miss the phantom. Your squeeze misses the phantom. The phantom hits you.
The phantom blinks!
You blink.
Found an orange potion.
Found a stone staircase leading up.
The phantom misses you.
You closely miss the phantom. You squeeze the phantom!
The phantom is moderately damaged.
The phantom hits you.
The phantom blinks!
You blink.
A hobgoblin comes into view.
You barely miss the phantom.
The phantom is moderately damaged.
The phantom hits you.
You closely miss the phantom.
The hobgoblin shouts!
Your squeeze misses the phantom.
The phantom is moderately damaged.
The phantom hits you.
The phantom blinks!
You blink.
Found a stone staircase leading down.
You hit the phantom but do no damage.
The phantom is moderately damaged.
An endoplasm comes into view.
The phantom closely misses you.
You hit the phantom but do no damage.
The phantom is moderately damaged.
The phantom closely misses you. The phantom attacks as you move away!
The phantom hits you. The hobgoblin hits you.
* * * LOW HITPOINT WARNING * * *
The phantom attacks as you move away! The phantom barely misses you.
The hobgoblin attacks as you move away! The hobgoblin hits you.
* * * LOW HITPOINT WARNING * * *
The hobgoblin attacks as you move away!
The hobgoblin hits you but does no damage.
The phantom attacks as you move away! The phantom hits you.
You die...

#.# ..#...# # #..
.#...# . ###
....##.### ### #
#........ ..# #
##....#.# #.# #
####.......# #.# #
...........# #.####
#...>@...# #...W.
#.##Wg.#.## #.####
#.##....#.## #§#
#......#.#.######)#
##..#.#...#.#...#.####
#...#.....#..#....<..
#.##.............§..#
#. ##........###§####
#. #.............#


You could see a phantom and a hobgoblin.

Vanquished Creatures
  2 endoplasms
  2 giant cockroaches (D:1)
  A goblin (D:2)
  5 hobgoblins
  A kobold (D:1)
  2 ball pythons (D:1)
  6 bats
  2 frilled lizards (D:1)
  4 rats
25 creatures vanquished.

Notes
Turn   | Place    | Note
-------+----------+-------------------------------------------
     0 | D:1      | voltaire321 the Octopode Venom Mage began the quest for the
                  | Orb.
     0 | D:1      | Reached XP level 1. HP: 11/11 MP: 3/3
   227 | D:1      | Reached XP level 2. HP: 17/17 MP: 3/5
   230 | D:1      | Learned a level 2 spell: Poisonous Vapours
   964 | D:2      | Reached XP level 3. HP: 22/22 MP: 1/6
  1103 | D:2      | Noticed a phantom
  1161 | D:2      | Slain by a phantom

Illustrated notes

Levels and vault maps discovered:
D:1:      dpeg_arrival_shrine, layout_loops_ring, minmay_misc_feat_rows
D:2:      layout_loops_ring, dreamdust_ecumenical_altar_drowned_temple,
          minmay_indecisive_spiral, uniq_natasha

Skill      XL: |  1  2 |
---------------+-------+-----
Stealth        | 3 |  3.1
Fighting       | |  0.5
Dodging        | |  2.2
Spellcasting   | |  2.2
Transmutations | |  1.3
Air Magic      | |  0.4
Poison Magic   | |  3.9

Action                   || total
-------------------------++-------
Melee: Unarmed           ||     9
       Constrict         ||     4
       Short sword       ||    26
       Tentacles         ||     5
 Cast: Sting             ||    17
 Stab: Sleeping          ||     4
Armor: Skin              ||     3
Dodge: Dodged            ||    27

Table legend: (Time is in decaauts)
 A = Elapsed time spent in this place.
 B = Non-inter-level travel time spent in this place.
 C = Inter-level travel time spent in this place.
 D = Time resting spent in this place.
 E = Time spent auto-exploring this place.
 F = Levels seen in this place.
 G = Mean time per level.
                   A        B        C        D        E       F      G
               +--------+--------+--------+--------+--------+-----+--------+
         Total |   1162 |   1112 |     50 |    208 |    656 |   2 |  581.0 |
       Dungeon |   1162 |   1112 |     50 |    208 |    656 |   2 |  581.0 |
               +--------+--------+--------+--------+--------+-----+--------+

Top non-repeatable levels by time:
     D:1: 912 daAuts
     D:2: 250 daAuts
